 Dungeon Crawl Stone Soup version 0.24.0-1-gfbc8707 (webtiles) character file.

Game seed: 15744595563267448495, levelgen mode: deterministic

12007 Buxparty the Cleaver (level 11, -7/78 HPs)
             Began as a Mummy Fighter on Jan 8, 2020.
             Was an Initiate of Gozag.
             Mangled by an eight-headed hydra (8 damage)
             ... on level 11 of the Dungeon.
             The game lasted 00:44:34 (13981 turns).

Buxparty the Cleaver (Mummy Fighter)               Turns: 13981, Time: 00:44:35

Health: -7/78      AC: 19    Str: 22    XL:     11   Next: 56%
Magic:  11/11      EV:  6    Int: 14    God:    Gozag
Gold:   153        SH: 10    Dex:  8    Spells: 10/10 levels left

rFire    . . .     SeeInvis .   C - +10 mace "Olaalou" {flame, *Slow rElec Int+6 Dex-4}
rCold    + + .     Gourm    .   c - +0 shield
rNeg     + + +     Faith    .   b - +0 chain mail
rPois    ∞         Spirit   .   (no helmet)
rElec    +         Reflect  .   d - +0 cloak
rCorr    +         Harm     .   x - +0 pair of gloves
MR       ++...                  j - +2 pair of boots
Stlth    ..........             w - amulet of the acrobat
HPRegen  0.23/turn              v - ring of protection from magic
MPRegen  0.12/turn              u - +2 ring of protection

@: resistant, hasted and slowed
A: no food or potions, fire vulnerability, cold resistance 1, negative energy
resistance 3, torment resistance, unbreathing
a: Potion Petition, Call Merchant, Bribe Branch, Renounce Religion


You were on level 11 of the Dungeon.
You worshipped Gozag.
Gozag was aware of your devotion.
You were not hungry.

You visited 2 branches of the dungeon, and saw 12 of its levels.
You also visited: Ossuary.

You collected 2461 gold pieces.
You spent 884 gold pieces at shops.
You paid 1424 gold pieces to Gozag.

Inventory:

Hand Weapons
 a - a +0 war axe
 B - a +3 hand axe
 C - the +10 mace "Olaalou" (weapon) {flame, *Slow rElec Int+6 Dex-4}
   (You bought it in a shop on level 11 of the Dungeon)

   It has been specially enchanted to burn those struck by it, causing extra
   injury to most foes and up to half again as much damage against particularly
   susceptible opponents.
   It affects your intelligence (+6).
   It affects your dexterity (-4).
   It insulates you from electricity.
   It may slow you when you take damage.
Missiles
 A - 8 javelins (quivered)
Armour
 b - a +0 chain mail (worn)
 c - a +0 shield (worn)
 d - a +0 cloak (worn)
 j - a +2 pair of boots (worn)
 s - a +0 troll leather armour {Purgy}
 x - a +0 pair of gloves (worn)
 F - a +0 pair of boots
Jewellery
 l - an uncursed ring of protection from fire
 u - a +2 ring of protection (right hand)
 v - a ring of protection from magic (left hand)
 w - an amulet of the acrobat (around neck)
Wands
 k - a wand of iceblast (22)
 n - a wand of polymorph (10)
 D - a wand of flame (73)
 E - a wand of acid (31)
Scrolls
 e - 4 scrolls of enchant armour {unknown}
 f - 3 scrolls of noise {unknown}
 g - a scroll of blinking {unknown}
 h - a scroll of enchant weapon {unknown}
 i - 4 scrolls of remove curse
 m - 2 scrolls of magic mapping {unknown}
 o - 2 scrolls of amnesia {unknown}
 p - 12 scrolls of identify
 q - 3 scrolls of random uselessness {unknown}
 r - 2 scrolls of fear {unknown}
 t - 4 scrolls of teleportation {unknown}
 y - a scroll of immolation {unknown}
 z - 2 scrolls of fog {unknown}


   Skills:
 - Level 4.7 Fighting
 * Level 11.5 Axes
 + Level 8.5 Armour
 + Level 6.5 Shields


You had 10 spell levels left.
You didn't know any spells.
Your spell library contained the following spells:

 Spells                   Type           Power        Failure   Level  Hunger
 Animate Skeleton         Necr           N/A          99%         1    N/A
 Apportation              Tloc           #.....       99%         1    N/A
 Confusing Touch          Hex            #.....       99%         1    N/A
 Summon Small Mammal      Summ           #...         99%         1    N/A

Dungeon Overview and Level Annotations

Branches:
Dungeon (11/15)            Temple (1/1) D:4            Lair (0/6) D:11
    Orc (0/2) D:11        Ossuary (visited)

Altars:
Ashenzari
Cheibriados
Dithmenos
Elyvilon
Fedhas
Gozag
Hepliaklqana
Kikubaaqudgha
Makhleb
Nemelex Xobeh
Okawaru
Qazlal
Ru
Sif Muna
Trog
Uskayaw
Vehumet
Wu Jian
Xom
Yredelemnul
Zin
The Shining One
Beogh

Shops:
D:4 [   D:10 :   D:11 (


Innate Abilities, Weirdness & Mutations

You do not eat or drink.
Your flesh is vulnerable to fire.
You are immune to poison.
Your flesh is cold resistant. (rC+)
You are immune to negative energy. (rN+++)
You are immune to unholy pain and torment.
You can survive without breathing.


Message History

The eight-headed hydra completely misses you.
The eight-headed hydra barely misses you.
You block the eight-headed hydra's attack.
The eight-headed hydra bites you but does no damage. x3
The eight-headed hydra barely misses you.
The eight-headed hydra bites you.
* * * LOW HITPOINT WARNING * * *
The eight-headed hydra bites you but does no damage.
You block the eight-headed hydra's attack.
Okay, then.
You hit the eight-headed hydra. You burn the eight-headed hydra.
The eight-headed hydra is almost dead.
You block the eight-headed hydra's attack.
The eight-headed hydra bites you but does no damage. x2
The eight-headed hydra bites you.
* * * LOW HITPOINT WARNING * * *
The eight-headed hydra barely misses you.
The eight-headed hydra bites you!
You die...
Your body crumbles into a pile of gold.

######## #...####.
##.....# #...$....
##.....####....###
.'.....'....../....
##.....####....#####
##.....# #........
##.....# #...#.... .###
##.....####...##D####.##
....
+..............@.......
....
#.....#####..##.####.##
....
.......................
.... .................
...# ..........####...
.... .............#.##
#...).. ......#......#.#
#...... ......#......#.#
#...... ......'......#.#
#......


You could see an eight-headed hydra.

Vanquished Creatures
  An unseen horror (D:11)
  An ugly thing (D:11)
  A kobold demonologist (D:10)
  3 hippogriffs
  12 yaks
  2 basilisks (D:11)
  A hungry ghost (D:7)
  3 porcupines (D:11)
  Purgy (D:4)
  6 orc warriors
  A hornet zombie (D:8)
  5 sky beasts
  A necrophage (D:8)
  3 ice beasts
  2 black bears
  5 ogres
  A phantom (D:10)
  4 wolves (D:11)
  6 centaurs
  A crocodile (D:11)
  11 big kobolds
  2 elf zombies (Ossuary)
  2 bullfrogs
  A wyvern skeleton (D:9)
  3 scorpions
  13 killer bees
  7 wights (D:8)
  6 howler monkeys
  2 centaur zombies (Ossuary)
  5 crimson imps
  Crazy Yiuf (D:2)
  3 hounds
  2 centaur skeletons
  2 quasits
  10 orc priests
  7 jellies
  13 orc wizards
  3 bullfrog skeletons
  4 iguanas
  12 worker ants
  Terence (D:3)
  2 hound zombies (Ossuary)
  A hound skeleton (D:8)
  3 mummies (Ossuary)
  3 worker ant zombies
  Robin (D:2)
  8 gnolls
  5 adders
  7 shadow imps
  11 oozes
  3 adder zombies
  3 adder skeletons
  3 worms
  4 dart slugs
  3 leopard geckos
  55 orcs
  2 ball pythons
  7 bats
  7 giant cockroaches
  A gnoll zombie (Ossuary)
  22 goblins
  13 hobgoblins
  7 jackals
  17 kobolds
  2 quokkas (D:8)
  3 frilled lizards
  A goblin zombie (Ossuary)
  5 hobgoblin zombies (Ossuary)
  7 jackal zombies (Ossuary)
  5 kobold zombies (Ossuary)
  4 quokka zombies (Ossuary)
  8 rats
  6 rat zombies (Ossuary)
399 creatures vanquished.

Vanquished Creatures (others)
  A sky beast (D:8)
  A plant (D:11)
  10 toadstools (D:2)
12 creatures vanquished.

Grand Total: 411 creatures vanquished

Notes
Turn   | Place    | Note
-------+----------+-------------------------------------------
     0 | D:1      | Buxparty the Mummy Fighter began the quest for the Orb.
     0 | D:1      | Reached XP level 1. HP: 18/18 MP: 1/1
   136 | D:1      | Reached skill level 2 in Axes
   136 | D:1      | Reached XP level 2. HP: 22/24 MP: 2/2
   892 | D:2      | Reached XP level 3. HP: 26/29 MP: 3/3
   981 | D:2      | Reached skill level 3 in Axes
   983 | D:2      | Reached XP level 4. HP: 31/35 MP: 4/4
  1001 | D:2      | Reached XP level 5. HP: 14/41 MP: 5/5
  1259 | D:2      | Noticed Robin
  1302 | D:2      | Killed Robin
  1322 | D:2      | Reached skill level 4 in Axes
  1427 | D:2      | Noticed an orc warrior
  1431 | D:2      | HP: 2/41 [orc warrior/+0 battleaxe (8)]
  2066 | D:2      | Found a runed translucent door.
  2067 | D:2      | Noticed Crazy Yiuf
  2079 | D:2      | Killed Crazy Yiuf
  2241 | D:3      | Reached XP level 6. HP: 44/47 MP: 6/6
  2276 | D:3      | Noticed Terence
  2285 | D:3      | Killed Terence
  2449 | D:3      | Reached skill level 5 in Axes
  2849 | D:4      | Reached XP level 7. HP: 48/52 MP: 7/7
  2961 | D:4      | Found a sand-covered staircase.
  2966 | Ossuary  | Entered an ossuary
  3240 | Ossuary  | Reached skill level 6 in Axes
  3612 | D:4      | Reached skill level 5 in Armour
  3760 | D:4      | Found a staircase to the Ecumenical Temple.
  3777 | Temple   | Entered the Ecumenical Temple
  4086 | D:4      | Noticed Purgy
  4100 | D:4      | Killed Purgy
  4100 | D:4      | Reached XP level 8. HP: 44/58 MP: 8/8
  4320 | D:4      | Found an ancient bone altar of Kikubaaqudgha.
  4321 | D:4      | Found an opulent altar of Gozag.
  4347 | D:4      | Found Nueqauseo's Armour Boutique.
  4368 | D:4      | Became a worshipper of Gozag Ym Sagoz the Greedy
  4484 | D:5      | Entered Level 5 of the Dungeon
  4692 | D:5      | Reached skill level 7 in Axes
  6127 | D:6      | Reached XP level 9. HP: 14/66 MP: 9/9
  6513 | D:7      | Noticed a cyclops
  6647 | D:8      | Reached skill level 8 in Axes
  6857 | D:8      | Found a shimmering blue altar of Sif Muna.
  7206 | D:7      | Found a sparkling altar of Nemelex Xobeh.
  7965 | D:8      | Reached skill level 9 in Axes
  8378 | D:8      | Found a shadowy altar of Dithmenos.
  8389 | D:8      | Reached XP level 10. HP: 66/73 MP: 10/10
  9898 | D:10     | Entered Level 10 of the Dungeon
  9946 | D:10     | Reached skill level 10 in Axes
  9957 | D:10     | Reached skill level 5 in Shields
 10343 | D:10     | Noticed a smoke demon
 10986 | D:10     | Reached XP level 11. HP: 27/78 MP: 11/11
 11565 | D:10     | Noticed a two-headed ogre
 12345 | D:10     | Reached skill level 11 in Axes
 12400 | D:10     | Found Jiyrchei's Book Shoppe.
 12734 | D:11     | Found a staircase to the Lair.
 13434 | D:11     | Noticed an eight-headed hydra
 13553 | D:11     | Bought the +10 mace "Olaalou" {flame, *Slow rElec Int+6
                  | Dex-4} for 884 gold pieces
 13636 | D:11     | Found a staircase to the Orcish Mines.
 13702 | D:11     | Found a roughly hewn altar of Beogh.
 13741 | D:11     | Noticed a green ugly thing
 13755 | D:11     | Killed a green ugly thing
 13824 | D:11     | Killed an unseen horror
 13981 | D:11     | HP: 1/78 [eight-headed hydra (6)]
 13981 | D:11     | Mangled by an eight-headed hydra

Levels and vault maps discovered:
D:1:      minmay_arrival_cross, layout_basic, minivault_11, minivault_24,
          moated_statue
D:2:      cheibrodos_fertilizer, layout_loops_ring, first_ration,
          minmay_misc_feat_encased, uniq_crazy_yiuf_cottage, uniq_robin
D:3:      layout_rooms, minmay_hedge_maze, uniq_terence
D:4:      layout_loops_ring, chequers_temple_overflow_statue_of_worship,
          minmay_temple_entry_stoned_glass, enter_ossuary_5, serial_shops, shop,
          uniq_purgy
D:5:      layout_basic
D:6:      layout_rooms
D:7:      layout_basic, nemelex_spade_bored_becter
D:8:      layout_basic, lemuel_round_altar, lemuel_coloured_pillars_altar,
          hangedman_little_slice_of_home, kennysheep_generic_room_13
D:9:      layout_cave_pools
D:10:     layout_layer_cave, special_room [special_room_kobold], serial_shops,
          shop
D:11:     layout_basic, minmay_lair_entry_grove, minmay_orc_entry_temple_small
Temple:   dpeg_five_rooms_temple

Skill      XL: |  1  2  3  4  5  6  7  8  9 10 11 |
---------------+----------------------------------+-----
Axes           | 2 3 4 5 6 7 9 10 11 | 11.5
Armour         | 3 4 5 6 7 8 |  8.5
Fighting       | 4 |  4.7
Shields        | 4 5 6 |  6.5

Action                   |  1- 3 |  4- 6 |  7- 9 | 10-12 || total
-------------------------+-------+-------+-------+-------++-------
Melee: War axe           |    93 |   229 |   352 |       ||   674
       Hand axe          |       |       |   402 |   627 ||  1029
       Mace              |       |       |       |    94 ||    94
Throw: Javelin           |       |       |     5 |     2 ||     7
Invok: Potion Petition   |       |       |     1 |     2 ||     3
       Call Merchant     |       |       |       |     1 ||     1
Evoke: Wand              |       |       |       |     1 ||     1
  Use: Scroll            |       |       |     3 |       ||     3
 Stab: Distracted        |       |       |     2 |     2 ||     4
Armor: Scale mail        |    42 |   111 |   113 |       ||   266
       Troll leather arm |       |       |   115 |       ||   115
       Chain mail        |       |       |    81 |   492 ||   573
Dodge: Dodged            |    41 |    77 |   174 |   268 ||   560
Block: Shield            |    51 |   113 |   317 |   379 ||   860
